 Dungeon Crawl Stone Soup version 0.20-a0-1122-gb7cbeb9 (webtiles) character file.

170 mopl the Sneak (level 5, -5/29 HPs)
             Began as a Deep Elf Assassin on May 13, 2017.
             Slain by salapander's ghost (10 damage)
             ... on level 3 of the Dungeon.
             The game lasted 00:03:45 (2368 turns).

mopl the Sneak (Deep Elf Assassin)                  Turns: 2368, Time: 00:03:45

Health: -5/29      AC:  3    Str:  8    XL:     5   Next: 25%
Magic:  7/7        EV: 12    Int: 16    God:
Gold:   177        SH:  0    Dex: 17    Spells: 4/4 levels left

rFire    . . .     SeeInvis .   a - +2 dagger
rCold    . . .     Gourm    .   (no shield)
rNeg     + . .     Faith    .   c - +0 robe
rPois    .         Spirit   .   (no helmet)
rElec    .         Reflect  .   d - +0 cloak
rCorr    .         Harm     .   (no gloves)
MR       .....                  (no boots)
Stlth    ++++......             (no amulet)
Regen    0.1/turn               n - ring of positive energy
MPRegen  0.1/turn               (no ring)

@: no status effects
A: no striking features
a: no special abilities


You were on level 3 of the Dungeon.
You were not hungry.

You visited 1 branch of the dungeon, and saw 3 of its levels.

You collected 177 gold pieces.

Inventory:

Hand Weapons
 a - a +2 dagger (weapon)
 b - a +0 blowgun
Missiles
 e - 20 poisoned needles
 f - 2 curare-tipped needles
Armour
 c - a +0 robe (worn)
 d - a +0 cloak (worn)
Jewellery
 n - a ring of positive energy (left hand)
Scrolls
 h - 4 scrolls of teleportation {unknown}
 k - 2 scrolls of fog {unknown}
 m - 2 scrolls of magic mapping {unknown}
 r - 2 scrolls of random uselessness {unknown}
 s - 2 scrolls of remove curse {unknown}
 t - 2 scrolls of identify {unknown}
Potions
 j - a potion of flight {unknown}
 l - a potion of curing {unknown}
 o - a potion of haste {unknown}
 p - 2 potions of agility {unknown}
 q - 3 potions of heal wounds {unknown}
 u - a potion of lignification {unknown}
 v - 2 potions of degeneration {unknown}
 z - 2 potions of mutation {unknown}
 A - a potion of invisibility {unknown}
Comestibles
 g - a bread ration
 i - 3 meat rations
 w - 2 chunks of flesh
 x - 2 royal jellies


   Skills:
 - Level 1.5 Fighting
 + Level 3.2 Short Blades
 + Level 2.9 Throwing
 - Level 1.2 Dodging
 * Level 7.1 Stealth


You had 4 spell levels left.
You didn't know any spells.

Dungeon Overview and Level Annotations

Branches:
Dungeon (3/15)

Altars:
Hepliaklqana

Annotations:
D:3 salapander's ghost, amateur VSFi


Message History

You are too injured to fight recklessly!
You barely miss salapander's ghost.
Salapander's ghost is lightly damaged.
Salapander's ghost completely misses you.
You hit salapander's ghost but do no damage.
Salapander's ghost is lightly damaged.
Salapander's ghost hits you!
* * * LOW HITPOINT WARNING * * *
You see here 9 gold pieces.
You see here a chunk of flesh.
Salapander's ghost says very slowly, "There's no hope."
Salapander's ghost shrieks, "There is no future for me!"
Found a stone staircase leading down.
You see here a quarterstaff.
Salapander's ghost misses you.
There is a shaft here.
The shaft crumbles and collapses.
Salapander's ghost closely misses you.
You open the door. Salapander's ghost hits you!
You die...

#...#..# #.#.#
###...##.# #.#.#
#.....# .. #†#.#
#....####.####)#.#
#......##.#....#.#
###....##...####.####.
#....###..##........
#..W.'....##%#.####.
#..@.####.##$#...
###'## #.##.#.#.# #..
#.##.#...# ####
#..#.#.# # ##.#.#.#
#...#.. ##).# #..#
....#


You could see salapander's ghost.

Vanquished Creatures
  A scorpion (D:3)
  Crazy Yiuf (D:2)
  3 adders (D:2)
  An ooze (D:2)
  4 dart slugs (D:2)
  3 leopard geckos (D:1)
  7 bats
  2 giant cockroaches (D:2)
  8 goblins
  5 hobgoblins
  3 kobolds
  4 frilled lizards
  A quokka skeleton (D:3)
  6 rats
49 creatures vanquished.

Vanquished Creatures (others)
  A dart slug (D:1)
  A hobgoblin (D:1)
2 creatures vanquished.

Grand Total: 51 creatures vanquished

Notes
Turn   | Place    | Note
-------+----------+-------------------------------------------
     0 | D:1      | mopl the Deep Elf Assassin began the quest for the Orb.
     0 | D:1      | Reached XP level 1. HP: 12/12 MP: 3/3
    49 | D:1      | Reached skill level 5 in Stealth
   417 | D:1      | Reached XP level 2. HP: 16/16 MP: 4/4
   920 | D:2      | Reached XP level 3. HP: 20/20 MP: 5/5
   986 | D:2      | Reached skill level 6 in Stealth
  1491 | D:2      | Found a runed door.
  1566 | D:2      | Noticed Crazy Yiuf
  1576 | D:2      | Killed Crazy Yiuf
  1576 | D:2      | Reached XP level 4. HP: 25/25 MP: 6/6
  1817 | D:2      | Reached skill level 3 in Short Blades
  1979 | D:2      | Found a hazy altar of Hepliaklqana.
  2193 | D:3      | Reached skill level 7 in Stealth
  2193 | D:3      | Reached XP level 5. HP: 29/29 MP: 7/7
  2302 | D:3      | Noticed salapander's ghost (amateur VSFi)
  2368 | D:3      | Slain by salapander's ghost

Vault maps used:
D:1:      shiori_arrival_oz, grunt_decor_mini_mirrors
D:2:      overflow_temple_1_default, minmay_pentomino_v2,
          uniq_crazy_yiuf_cottage
D:3:      amethyst_overflow_temple_binary

Skill      XL: |  1  2  3  4 |
---------------+-------------+-----
Stealth        | 5 6 7 |  7.1
Short Blades   | 3 |  3.2
Fighting       | |  1.5
Throwing       | |  2.9
Dodging        | |  1.2

Action                   |  1- 3 |  4- 6 || total
-------------------------+-------+-------++-------
Melee: Dagger            |    96 |    58 ||   154
 Fire: Blowgun           |    11 |       ||    11
 Stab: Sleeping          |    12 |    10 ||    22
  Eat: Chunk             |     1 |       ||     1
       Bread ration      |       |     1 ||     1
Armor: Robe              |    24 |     6 ||    30
Dodge: Dodged            |    66 |    23 ||    89
